AoeStats
← NPG | FishCL

Four Lakes

508290356Analyzed
1v1 RM · 9d ago on Sep 21, 2026· 24m 6s· 2 players
Game mode
Random Map
Map size
Tiny (2 player)
Population
200
Speed
Normal
Resources
Standard
Victory
Conquest
Starting age
Dark Age
Ending age
Imperial Age
RankedLock teamsTeams togetherTeam positionsShared explorationLock speedFull tech treeHidden civsTurbo modeCheats
Victory
Defeat
🇨🇱 Persians · Chile
1544
+19
🇦🇹 Malians · Austria
1600
-19
NPG | FishCL
7:12 Loom
9:22 Feudal Age
9:47 Double-Bit Axe
9:44 Horse Collar
13:49 Fishing Lines
19:36 Castle Age
17:34 Fletching
17:58 Bloodlines
19:12 Gold Mining
20:01 Bodkin Arrow
20:32 Bow Saw
20:16 Gillnets
21:56 Light Cavalry
Killerqueen
8:36 Loom
12:21 Feudal Age
13:03 Double-Bit Axe
15:58 Castle Age
15:06 Gold Mining
15:10 Stone Mining
15:40 Fishing Lines
16:50 Horse Collar
17:42 Bow Saw
23:06 Scale Mail Armor
24:05 Chain Mail Armor
Connection lost

Rejoining the realm…

Still unreachable

The connection could not be restored.

Session expired

The server has moved on; the page needs a fresh start.